 Dungeon Crawl Stone Soup version 0.19.5 (webtiles) character file.

377 JeffiDaFish the Shield-Bearer (level 6, 0/38 HPs)
             Began as a Gargoyle Fighter on Aug 25, 2017.
             Slain by Typerbomb's ghost (9 damage)
             ... on level 4 of the Dungeon on Aug 28, 2017.
             The game lasted 00:08:50 (2855 turns).

JeffiDaFish the Shield-Bearer (Gargoyle Fighter)    Turns: 2855, Time: 00:08:50

Health: 0/38       AC: 14    Str: 20    XL:     6   Next: 73%
Magic:  6/6        EV:  6    Int:  8    God:
Gold:   44         SH: 14    Dex: 11    Spells: 0 memorised, 5 levels left

rFire  . . .     SeeInvis .     k - +3 flail
rCold  . . .     Gourm    .     b - +0 scale mail
rNeg   + . .     Faith    .     o - +0 large shield (curse)
rPois  ∞         Spirit   .     (no helmet)
rElec  +         Reflect  .     p - +0 cloak
rCorr  .         Harm     .     n - +0 pair of gloves
MR     .....                    (no boots)
Stlth  ..........               g - amulet of regeneration
                                (no ring)
                                a - ring of flight

@: no status effects
A: negative energy resistance 1, electricity resistance, unbreathing,
petrification resistance, rot immunity, AC +4
a: Evoke Flight


You were on level 4 of the Dungeon.
You were hungry.

You visited 1 branch of the dungeon, and saw 4 of its levels.

You collected 219 gold pieces.
You spent 175 gold pieces at shops.

Inventory:

Hand Weapons
 k - a +3 flail (weapon)
Armour
 b - a +0 scale mail (worn)
 n - a +0 pair of gloves (worn)
 o - a cursed +0 large shield (worn)
 p - a +0 cloak (worn)
Jewellery
 a - a ring of flight (left hand)
 g - an amulet of regeneration (around neck)
Scrolls
 l - 3 scrolls of identify
 m - a scroll of amnesia
Comestibles
 d - 12 chunks of flesh
 f - 6 bread rations
 h - a beef jerky
 i - 2 slices of pizza
 j - 3 meat rations


   Skills:
 + Level 4.1 Fighting
 + Level 4.1 Maces & Flails
 + Level 4.8 Armour
 + Level 1.0 Dodging
 + Level 5.0 Shields


You had 5 spell levels left.
You didn't know any spells.

Dungeon Overview and Level Annotations

Branches:
Dungeon (4/15)
 Temple: D:4-7

Altars:

Shops:
D:4 [

Annotations:
D:4 Typerbomb's ghost, amateur OgGl


Innate Abilities, Weirdness & Mutations

You are resistant to torment.
Your stone body is resilient. (AC +4)
You are immune to poison.
You resist negative energy. (rN+)
You are resistant to electric shocks. (rElec)
You can survive without breathing.
You are immune to petrification.
You are immune to rotting.


Message History

You are too injured to fight recklessly!
Your shield prevents you from hitting Typerbomb's ghost.
Typerbomb's ghost is severely damaged.
Typerbomb's ghost hits you.
* * * LOW HITPOINT WARNING * * *
You hit Typerbomb's ghost but do no damage.
Typerbomb's ghost is severely damaged.
Typerbomb's ghost barely misses you.
Typerbomb's ghost hits you but does no damage.
You closely miss Typerbomb's ghost.
Typerbomb's ghost is severely damaged.
Typerbomb's ghost hits you.
* * * LOW HITPOINT WARNING * * *
You closely miss Typerbomb's ghost.
Typerbomb's ghost is severely damaged.
You block Typerbomb's ghost's attack. x2
Your shield prevents you from hitting Typerbomb's ghost.
Typerbomb's ghost is severely damaged.
Typerbomb's ghost hits you!
You die...

########## ## ..
?........# #. ...
#......## #. ...######
#.......# #.
.......!#####.......###(
........................
...)...............#.##.
#...W........#####.##.
#....@.......# #.##.
#............# #.##.
#...[.....<..# #.##.
######.......# #..#.
#.......# ##.#.
#.......# #.......#
#.......# #.......#


You could see Typerbomb's ghost.

Vanquished Creatures
  The ghost of JeffiDaFish the Covered, an amateur GrFi (D:3)
  An iguana (D:4)
  10 adders
  A worm (D:4)
  3 dart slugs
  6 leopard geckos
  4 orcs (D:4)
  A ball python (D:2)
  2 giant cockroaches
  5 goblins
  11 hobgoblins
  6 jackals
  4 kobolds
  A quokka (D:2)
  10 bats
  4 frilled lizards
  6 rats
76 creatures vanquished.

Notes
Turn   | Place    | Note
-------+----------+-------------------------------------------
     0 | D:1      | JeffiDaFish the Gargoyle Fighter began the quest for the Orb.
     0 | D:1      | Reached XP level 1. HP: 14/14 MP: 1/1
   253 | D:1      | Reached XP level 2. HP: 16/19 MP: 2/2
   854 | D:2      | Reached XP level 3. HP: 19/23 MP: 3/3
  1149 | D:2      | Reached skill level 4 in Shields
  1204 | D:2      | Reached XP level 4. HP: 24/28 MP: 4/4
  2277 | D:3      | Reached XP level 5. HP: 29/33 MP: 5/5
  2326 | D:3      | Noticed JeffiDaFish's ghost (amateur GrFi)
  2339 | D:3      | Killed JeffiDaFish's ghost
  2339 | D:3      | Reached skill level 1 in Dodging
  2339 | D:3      | Reached XP level 6. HP: 28/38 MP: 6/6
  2625 | D:4      | Reached skill level 5 in Shields
  2712 | D:4      | Found Jeommia's Armour Boutique.
  2766 | D:4      | Bought a +0 pair of gloves for 63 gold pieces
  2766 | D:4      | Bought a cursed +0 large shield for 49 gold pieces
  2766 | D:4      | Bought a +0 cloak for 63 gold pieces
  2829 | D:4      | Noticed Typerbomb's ghost (amateur OgGl)
  2855 | D:4      | Slain by Typerbomb's ghost

Skill      XL: |  1  2  3  4  5  6 |
---------------+-------------------+-----
Shields        | 4 5 |  5.0
Maces & Flails | 3 4 |  4.1
Armour         | 4 |  4.8
Fighting       | 4 |  4.1
Dodging        | 1 |  1.0

Action                   |  1- 3 |  4- 6 || total
-------------------------+-------+-------++-------
Melee: Flail             |   223 |   225 ||   448
  Use: Scroll            |     4 |     5 ||     9
       Potion            |     3 |     5 ||     8
  Eat: Chunk             |     2 |     5 ||     7
Armor: Scale mail        |   113 |   116 ||   229
Dodge: Dodged            |    90 |    73 ||   163
Block: Shield            |   122 |   105 ||   227
       Large shield      |       |    10 ||    10
